 Dungeon Crawl Stone Soup version 0.30-a0-154-gb106f4c828 (webtiles) character file.

Game seed: 5578777064616513978

175 Aibolit the Magician (level 5, -5/15 (28) HPs)
             Began as a Deep Elf Hedge Wizard on Sept 27, 2022.
             Was an Initiate of Sif Muna.
             Slain by Edmund
             ... wielding a +5 flail of venom
              (6 damage)
             ... on level 4 of the Dungeon.
             The game lasted 00:25:39 (5568 turns).

Aibolit the Magician (Deep Elf Hedge Wizard)        Turns: 5568, Time: 00:25:40

HP:   -5/15 (28)    AC:  9    Str:  7    XL:     5   Next: 29%
MP:   0/15          EV: 13    Int: 27    God:    Sif Muna [......]
Gold: 149           SH:  0    Dex: 17    Spells: 1/16 levels left

rFire   . . .      SeeInvis .    x - +10 mace of Dismay {drain, +Blink rF- rCorr Int+6}
rCold   + . .      Faith    .    (no shield)
rNeg    . . .      Spirit   +    y - +5 robe of Discretion {Dex+3}
rPois   +          Reflect  .    a - +0 helmet
rElec   +          Harm     .    (no cloak)
rCorr   +          Rampage  .    f - +0 pair of gloves
Will    .....                    (no boots)
Stlth   ++........               n - amulet of guardian spirit
HPRegen 0.05/turn                (no ring)
MPRegen 0.14/turn                (no ring)

@: brilliant, lethally poisoned (-5 -> -18), resistant, very heavily drained
A: no striking features
a: Renounce Religion, Evoke Blink


You were on level 4 of the Dungeon.
You worshipped Sif Muna.
Sif Muna was noncommittal.
You visited 1 branch of the dungeon, and saw 4 of its levels.

You collected 149 gold pieces.

Inventory:

Hand Weapons
 i - a +2 quarterstaff of speed
 x - the +10 mace of Dismay (weapon) {drain, +Blink rF- rCorr Int+6}
   (You found it on level 3 of the Dungeon)

   A truly terrible weapon, it drains the life of any living foe it strikes.
   Int:       It affects your intelligence (+6).
   rF:        It makes you vulnerable to fire.
   +Blink:    It lets you blink.
   rCorr:     It protects you from acid and corrosion.
Armour
 a - a +0 helmet (worn)
 b - a +0 robe
 c - a +0 hat
 f - a +0 pair of gloves (worn)
 p - a +1 robe of cold resistance
 u - the +0 ring mail of Dithmenos, Shimmering {rF++ rN++ Will+}
   (You found it on level 3 of the Dungeon)

   rF:        It greatly protects you from fire.
   rN:        It greatly protects you from negative energy.
   Will:      It increases your willpower.
 y - the +5 robe of Discretion (worn) {Dex+3}
   (You found it on level 3 of the Dungeon)

   Dex:       It affects your dexterity (+3).
Jewellery
 n - an amulet of guardian spirit (around neck)
Wands
 o - a wand of paralysis (6)
Scrolls
 e - a scroll of teleportation
 g - a scroll of blinking {unknown}
 k - a scroll of vulnerability {unknown}
 m - a scroll of fear {unknown}
 q - a scroll of identify {unknown}
 r - a scroll of noise
 s - a scroll of enchant weapon {unknown}
 v - 2 scrolls of magic mapping {unknown}
 w - a scroll of amnesia {unknown}
Potions
 d - a potion of magic
 j - a potion of brilliance
 l - a potion of might {unknown}
 z - a potion of invisibility {unknown}
 A - a potion of ambrosia {unknown}


   Skills:
 - Level 3.0 Dodging
 - Level 3.2 Stealth
 - Level 6.2 Spellcasting
 - Level 2.0 Conjurations
 - Level 2.9 Summonings
 - Level 1.6 Translocations
 + Level 0.0 Air Magic


You had one spell level left.
You knew the following spells:

 Your Spells              Type           Power      Damage    Failure   Level
a - Magic Dart            Conj           100%       1d8       2%          1
b - Call Imp              Summ           36%        N/A       2%          2
c - Blink                 Tloc           52%        N/A       4%          2
d - Airstrike             Air            6%         2d(1-17)  54%         4
e - Cigotuvi's Dreadful   Necr/Pois/Air  24%        N/A       10%         2
f - Shock                 Conj/Air       80%        1d8       4%          1
g - Mephitic Cloud        Conj/Pois/Air  18%        N/A       14%         3

Your spell library contained the following spells:

 Spells                   Type           Power      Damage    Failure   Level
 Slow                     Hex            48%        N/A       6%          1
 Swiftness                Air            12%        N/A       19%         3


Dungeon Overview and Level Annotations

Branches:
Dungeon (4/15)
 Temple: D:4-7

Altars:
Ru
Sif Muna

Annotations:
D:4 Edmund, Pikel


Message History

You feel a surge of power!
A part of your flesh rots into a cloud of miasma!
You feel drained.
Edmund hits you with a +5 flail of venom!
Edmund attacks as you move away! Edmund barely misses you.
Casting: Cigotuvi's Dreadful Rot (safe; 10% risk of failure)
Press: ? - help, Q - select action, (/) - cycle Dir - look around, f - activate You feel a surge of power!
A part of your flesh rots into a cloud of miasma!
You feel drained. Edmund closely misses you. Edmund closely misses you.
Edmund hits you with a +5 flail of venom.
Your crimson imp blinks!
Your magical contamination has completely faded away.
Edmund hits you with a +5 flail of venom.
You are poisoned.
Your crimson imp blinks!
Edmund attacks as you move away! Edmund misses you.
You feel sick. Edmund attacks as you move away!
Edmund hits you with a +5 flail of venom!
* * * LOW HITPOINT WARNING * * *
x2 You feel sick.
Casting: Cigotuvi's Dreadful Rot (safe; 10% risk of failure)
Press: ? - help, Q - select action, (/) - cycle Dir - look around, f - activate You feel a surge of power!
A part of your flesh rots into a cloud of miasma!
You feel drained.
* * * LOW HITPOINT WARNING * * *
You feel sick.
Edmund hits you with a +5 flail of venom.
* * * LOW HITPOINT WARNING * * *
You are more poisoned.
Aiming: Paralyse
Press: ? - help, Shift-Dir - straight line, f - Edmund
Aim: Edmund, wielding a +5 flail of venom and wearing a +0 chain mail (severely wounded, ally target, chance to affect: 49%)
Okay, then.
Edmund attacks as you move away!
Edmund hits you with a +5 flail of venom.
You die...

#.#.# #.#.#
#.#.# #.#..#
#.#..##
#.##..#
#.##..#
.######.....#
..........#@#
.#######.##@#
##....#####
#.........#
#.........#
#....)....#
#..).5....#
#.........#
#.........#


You could see Edmund (ally target) and a friendly crimson imp (summoned).

Vanquished Creatures
  A lemure (D:4)
  An adder (D:4)
  A worm (D:2)
  A dart slug (D:3)
  An orc (D:3)
  8 ball pythons
  3 endoplasms
  6 giant cockroaches
  5 goblins
  7 hobgoblins
  3 quokkas
  5 bats
  4 frilled lizards
  7 kobolds
  4 rats
57 creatures vanquished.

Vanquished Creatures (collateral kills)
  A lemure (D:4)
  A scorpion (D:4)
  An iguana (D:3)
  2 dart slugs (D:2)
  2 orcs (D:4)
  2 endoplasms
  A hobgoblin (D:2)
10 creatures vanquished.

Grand Total: 67 creatures vanquished

Notes
Turn   | Place    | Note
-------+----------+-------------------------------------------
     0 | D:1      | Aibolit the Deep Elf Hedge Wizard began the quest for the
                  | Orb.
     0 | D:1      | Reached XP level 1. HP: 10/10 MP: 7/7
   524 | D:1      | Reached skill level 5 in Spellcasting
   527 | D:1      | Reached XP level 2. HP: 5/15 MP: 1/10
  1370 | D:1      | Reached XP level 3. HP: 19/19 MP: 12/12
  1515 | D:1      | Found a faded altar of an unknown god.
  1878 | D:1      | Learned a level 2 spell: Call Imp
  1881 | D:1      | Learned a level 2 spell: Blink
  2447 | D:2      | Found a shimmering blue altar of Sif Muna.
  2457 | D:2      | Became a worshipper of Sif Muna the Loreminder
  3953 | D:3      | Reached skill level 6 in Spellcasting
  4057 | D:3      | Found a sacrificial altar of Ru.
  4178 | D:3      | Reached XP level 4. HP: 24/24 MP: 10/14
  4193 | D:3      | HP: 1/24 [iguana (5)]
  4651 | D:3      | Identified the +0 ring mail of Dithmenos, Shimmering {rF++
                  | rN++ Will+}
  4803 | D:3      | Identified the +10 mace of Dismay {drain, +Blink rF- rCorr
                  | Int+6}
  4882 | D:3      | Identified the +5 robe of Discretion {Dex+3}
  5149 | D:4      | Noticed an ogre
  5348 | D:4      | Noticed a lemure
  5348 | D:4      | Noticed a lemure
  5348 | D:4      | Noticed a lemure
  5348 | D:4      | Noticed a scorpion
  5348 | D:4      | Noticed a lemure
  5349 | D:4      | Noticed Pikel
  5373 | D:4      | Killed a lemure
  5377 | D:4      | Killed a lemure
  5381 | D:4      | Killed a scorpion
  5382 | D:4      | Reached XP level 5. HP: 18/28 MP: 1/15
  5498 | D:4      | Learned a level 4 spell: Airstrike
  5501 | D:4      | Learned a level 2 spell: Cigotuvi's Dreadful Rot
  5503 | D:4      | Learned a level 1 spell: Shock
  5507 | D:4      | Learned a level 3 spell: Mephitic Cloud
  5525 | D:4      | Noticed Edmund
  5568 | D:4      | Slain by Edmund

Illustrated notes

Levels and vault maps discovered:
D:1:      lordsloth_arrival_two_stooges, layout_loops_ring,
          ebering_ecumenical_altar_rust, hangedman_decor_peaks_small,
          kennysheep_crisscross, chequers_serial_rivers_micro_a
D:2:      layout_basic, basic_altar, kennysheep_boxes
D:3:      layout_basic, nicolae_ru_sacrificial_ziggurat, grunt_ministairs_12,
          supply_closet_lemuel
D:4:      layout_rooms, due_unseen_surprise, uniq_pikel, uniq_edmund

Skill      XL: |  1  2  3  4 |
---------------+-------------+-----
Spellcasting   | 5 6 |  6.2
Summonings     | 2 |  2.9
Dodging        | 3 |  3.0
Stealth        | 3 |  3.2
Conjurations   | 2 |  2.0
Translocations | |  1.6

Action                   |  1- 3 |  4- 6 || total
-------------------------+-------+-------++-------
Melee: Dagger            |    25 |       ||    25
       Quarterstaff      |    34 |     1 ||    35
       Mace              |       |     1 ||     1
 Cast: Magic Dart        |    91 |    34 ||   125
       Call Imp          |    16 |    10 ||    26
       Blink             |     9 |     8 ||    17
       Shock             |       |     4 ||     4
       Cigotuvi's Dreadf |       |     4 ||     4
 Abil: Evoke Blink       |       |     2 ||     2
Evoke: Wand              |       |     4 ||     4
  Use: Scroll            |       |     3 ||     3
       Potion            |       |     4 ||     4
 Stab: Sleeping          |     2 |       ||     2
Armor: Robe              |    18 |     3 ||    21
       Ring mail         |       |     2 ||     2
Dodge: Dodged            |    37 |    14 ||    51

Table legend: (Time is in decaauts)
 A = Elapsed time spent in this place.
 B = Non-inter-level travel time spent in this place.
 C = Inter-level travel time spent in this place.
 D = Time resting spent in this place.
 E = Time spent auto-exploring this place.
 F = Levels seen in this place.
 G = Mean time per level.
                   A        B        C        D        E       F      G
               +--------+--------+--------+--------+--------+-----+--------+
         Total |   5562 |   3988 |   1574 |   1800 |   1368 |   4 | 1390.5 |
       Dungeon |   5562 |   3988 |   1574 |   1800 |   1368 |   4 | 1390.5 |
               +--------+--------+--------+--------+--------+-----+--------+

Top non-repeatable levels by time:
     D:1: 2421 daAuts
     D:3: 1638 daAuts
     D:2: 1147 daAuts
     D:4: 354 daAuts
